Map: Oceanborn LE

Players

JEROS - Winner!

  • Race: Protoss Protoss
  • League: Master
  • Spawn Location: 11:00

lilBosssssss

  • Race: Terran Terran
  • League: Master
  • Spawn Location: 5:00

VOD

Have the link to the VOD?

Description

Time

  • Played on: June 14, 2024, 12:48 p.m.
  • Length: 7:56
Show
View Real Time Build Order
Export as new Build Order

JEROS Protoss - Winner!

Build Orders: 1 Gate Expand, Blink Stalkers 

Get SALT Encoding   

  12  0:00  Probe  
  13  0:12  Probe  
  14  0:17  Pylon  
  14  0:24  Probe (Chrono Boost)  
  15  0:37  Gateway, Probe (Chrono Boost)  
  16  0:43  Probe (Chrono Boost)  
  16  0:46  Assimilator  
  17  0:52  Probe  
  18  1:04  Probe  
  19  1:16  Probe  
  20  1:24  Cybernetics Core  
  22  1:34  Nexus  
  20  1:40  Pylon  
  20  1:42  Probe  
  21  1:48  Assimilator  
  21  1:55  Probe  
  21  1:58  Adept (Chrono Boost)  
  22  2:02  Warp Gate  
  22  2:07  Probe  
  25  2:19  Probe  
  25  2:21  Stalker  
  28  2:31  Probe  
  28  2:37  Twilight Council  
  28  2:43  Probe (Chrono Boost)  
  29  2:47  Probe (Chrono Boost)  
  30  2:55  Probe (Chrono Boost)  
  30  2:58  Probe (Chrono Boost)  
  32  3:01  Probe (Chrono Boost)  
  32  3:02  Probe (Chrono Boost)  
  34  3:09  Probe  
  34  3:10  Blink (Chrono Boost)  
  35  3:13  Probe  
  36  3:21  Probe  
  36  3:22  Robotics Facility  
  36  3:24  Gateway  
  36  3:25  Probe  
  38  3:28  Gateway  
  38  3:35  Probe  
  38  3:37  Probe  
  40  3:48  Probe  
  40  3:49  Probe  
  41  3:56  Pylon  
  41  4:00  Probe  
  41  4:01  Nexus, Probe  
  43  4:05  Stalker  
  45  4:12  Probe  
  45  4:14  Probe  
  44  4:18  Observer (Chrono Boost)  
  45  4:24  Stalker, Probe  
  45  4:25  Stalker  
  45  4:26  Probe  
  51  4:34  Observer, Assimilator  
  51  4:37  Probe  
  51  4:38  Probe  
  54  4:40  Pylon  
  54  4:41  Pylon  
  54  4:53  Pylon  
  54  4:57  Shield Battery  
  54  4:58  Immortal, Probe x2  
  60  5:01  Charge (Chrono Boost)  
  60  5:10  Probe x2  
  60  5:12  Stalker  
  62  5:22  Probe (Chrono Boost)  
  62  5:23  Probe (Chrono Boost)  
  62  5:25  Probe (Chrono Boost)  
  64  5:31  Sentry x2  
  64  5:33  Probe (Chrono Boost)  
  69  5:36  Probe x2 (Chrono Boost)  
  69  5:38  Probe (Chrono Boost)  
  69  5:42  Gateway  
  70  5:43  Gateway  
  70  5:44  Probe  
  70  5:45  Probe  
  70  5:48  Warp Prism (Chrono Boost)  
  74  5:59  Probe x3  
  74  6:00  Pylon  
  74  6:02  Gateway  
  77  6:06  Pylon  
  77  6:08  Forge  
  77  6:11  Probe x3  
  80  6:21  Zealot x3  
  84  6:27  Shield Battery  
  84  6:29  Probe  
  84  6:30  Probe  
  84  6:32  Pylon  
  86  6:35  Probe  
  86  6:37  Shield Battery  
  87  6:40  Gateway x2  
  87  6:43  Sentry  
  87  6:45  Immortal (Chrono Boost)  
  93  6:57  Zealot x2, Pylon x2  
  93  6:59  Zealot  
  93  7:01  Zealot  
  101  7:03  Zealot  
  103  7:08  Assimilator  
  103  7:09  Robotics Bay  
  103  7:12  Assimilator  
  103  7:16  Observer, Zealot  
  103  7:19  Zealot x2  
  110  7:35  Zealot x4  
  118  7:43  Stalker x4  
Show
View Real Time Build Order
Export as new Build Order

lilBosssssss Terran 

Build Orders: Reaper Expand 

Get SALT Encoding   

  12  0:00  SCV  
  13  0:12  SCV  
  14  0:16  Supply Depot  
  14  0:24  SCV  
  15  0:38  SCV  
  15  0:39  Barracks  
  16  0:43  Refinery  
  16  0:50  SCV  
  17  1:03  SCV  
  18  1:15  SCV  
  19  1:26  Reaper  
  19  1:29  Orbital Command  
  20  1:41  Command Center  
  20  1:54  SCV  
  20  1:56  Supply Depot  
  20  1:58  Marine  
  22  2:06  SCV  
  23  2:09  Factory  
  23  2:18  SCV  
  23  2:21  Barracks Reactor  
  24  2:23  Bunker  
  24  2:28  Refinery  
  24  2:32  SCV  
  25  2:44  SCV  
  26  2:55  Hellion  
  26  2:57  Orbital Command  
  28  2:58  SCV  
  28  3:00  Marine x2  
  28  3:02  Starport  
  31  3:10  SCV  
  31  3:20  Marine  
  31  3:23  SCV  
  32  3:28  Widow Mine  
  32  3:29  SCV  
  35  3:35  SCV  
  35  3:38  Marine x2  
  38  3:41  SCV  
  38  3:42  Supply Depot  
  38  3:47  SCV  
  40  3:53  Widow Mine  
  42  3:55  Medivac  
  42  3:56  SCV, Marine  
  46  4:03  Marine  
  46  4:04  SCV  
  46  4:06  Supply Depot  
  48  4:10  SCV  
  48  4:13  Marine  
  48  4:15  Factory Tech Lab  
  47  4:17  Barracks  
  47  4:18  SCV  
  47  4:22  SCV, Marine  
  47  4:23  Refinery  
  50  4:24  Engineering Bay  
  50  4:29  Starport Tech Lab  
  50  4:30  SCV  
  51  4:31  Marine  
  51  4:33  Barracks  
  51  4:35  Siege Tank  
  51  4:38  SCV  
  56  4:40  Supply Depot  
  56  4:44  Marine  
  57  4:47  Raven  
  57  4:49  SCV  
  57  4:50  Marine  
  61  4:55  SCV  
  61  4:58  Terran Infantry Weapons Level 1  
  62  5:02  SCV, Marine  
  64  5:08  Marine  
  69  5:19  SCV, Marine  
  61  5:26  SCV, Factory Reactor, Stimpack  
  61  5:27  Marine  
  63  5:31  Starport Reactor, SCV  
  64  5:38  SCV  
  64  5:39  Marine x2  
  64  5:40  Combat Shield, Marauder  
  69  5:44  SCV  
  69  5:45  Command Center  
  69  5:47  Refinery  
  69  5:48  Supply Depot  
  70  5:51  SCV  
  70  5:53  Marine  
  71  6:03  Barracks  
  71  6:04  Supply Depot, Barracks  
  71  6:06  Widow Mine x2  
  71  6:09  SCV  
  76  6:12  Marauder  
  76  6:16  Marauder  
  76  6:17  SCV  
  79  6:19  Marine  
  79  6:22  SCV, Marine  
  82  6:26  Medivac  
  82  6:28  Medivac  
  86  6:34  SCV, Marauder  
  86  6:36  Widow Mine  
  86  6:37  Marine  
  86  6:38  Widow Mine  
  94  6:43  Supply Depot  
  94  6:44  Supply Depot  
  94  6:50  Marine  
  94  6:56  Barracks Tech Lab, Marine  
  94  6:57  Marauder x2  
  94  6:59  SCV, Barracks Reactor  
  100  7:07  Widow Mine  
  100  7:08  Widow Mine, Medivac, Marine  
  106  7:09  Medivac  
  106  7:14  SCV, Marine  
  106  7:15  Marine  
  111  7:18  Marauder x2  
  111  7:20  SCV  
  117  7:26  SCV  
  117  7:29  SCV  
  112  7:34  Marauder  
  118  7:40  SCV  
Tags
 
Add a new tag
Caveats
  • Supply blocks, unpowered buildings, or Contaminate may cause inaccurate times.
  • Supply counts are checked every 10 seconds.